 Dungeon Crawl Stone Soup version 0.28.0-47-ge53b351184 (webtiles) character file.

Game seed: 3750009181018079550

2105 101zpm the Magician (level 9, -6/65 HPs)
             Began as a Gnoll Air Elementalist on Apr 29, 2022.
             Was an Initiate of Cheibriados.
             Mangled by a two-headed ogre
             ... wielding a +0 giant spiked club
              (16 damage)
             ... on level 8 of the Dungeon.
             The game lasted 00:20:07 (9209 turns).

101zpm the Magician (Gnoll Air Elementalist)        Turns: 9209, Time: 00:20:08

Health: -6/65      AC:  5    Str: 12    XL:     9   Next: 28%
Magic:  4/27       EV: 16    Int: 20    God:    Cheibriados [......]
Gold:   322        SH:  0    Dex: 19    Spells: 8/21 levels left

rFire   . . .      SeeInvis .   F - +5 quarterstaff "Hasi" {venom, rPois Str+3}
rCold   . . .      Faith    .   (shield currently unavailable)
rNeg    . . .      Spirit   .   a - +0 robe
rPois   +          Reflect  .   (no helmet)
rElec   .          Harm     .   (no cloak)
rCorr   .          Rampage  .   g - +2 pair of gloves
Will    .....                   (no boots)
Stlth   +++.......              (no amulet)
HPRegen 0.20/turn               e - +6 ring of dexterity
MPRegen 0.20/turn               s - ring of magical power

@: very slow
A: fangs 1, strong nose, distributed training
a: Renounce Religion


You were on level 8 of the Dungeon.
You worshipped Cheibriados.
Cheibriados was noncommittal.
You visited 2 branches of the dungeon, and saw 10 of its levels.

You collected 322 gold pieces.

Inventory:

Hand Weapons
 F - the +5 quarterstaff "Hasi" (weapon) {venom, rPois Str+3}
   (You found it on level 5 of the Dungeon)

   It poisons the flesh of those it strikes.
   Str:       It affects your strength (+3).
   rPois:     It protects you from poison.
Missiles
 p - 13 boomerangs
Armour
 a - a +0 robe (worn)
 g - a +2 pair of gloves (worn)
Jewellery
 e - a +6 ring of dexterity (left hand)
 q - a ring of willpower
 s - a ring of magical power (right hand)
 x - a ring of protection from cold
 C - a +6 ring of strength
 E - a ring of resist corrosion
Wands
 B - a wand of iceblast (10)
Scrolls
 c - a scroll of vulnerability {unknown}
 f - a scroll of immolation {unknown}
 h - a scroll of enchant weapon {unknown}
 m - a scroll of fear {unknown}
 o - a scroll of teleportation {unknown}
 r - 2 scrolls of noise
 u - 3 scrolls of holy word
 v - a scroll of blinking
 y - a scroll of identify {unknown}
 z - a scroll of enchant armour {unknown}
 A - a scroll of amnesia {unknown}
 D - a scroll of torment {unknown}
Potions
 b - 3 potions of curing {unknown}
 d - 3 potions of heal wounds {unknown}
 i - 3 potions of haste {unknown}
 j - 3 potions of flight {unknown}
 k - 3 potions of degeneration {unknown}
 l - 2 potions of might {unknown}
 n - 2 potions of mutation {unknown}
 t - 2 potions of invisibility {unknown}
 w - a potion of attraction {unknown}


   Skills:
 + Level 4.1 Fighting
 + Level 4.1 Short Blades
 + Level 4.1 Long Blades
 + Level 4.1 Axes
 + Level 4.1 Maces & Flails
 + Level 4.1 Polearms
 + Level 4.1 Staves
 + Level 4.1 Slings
 + Level 4.1 Bows
 + Level 4.1 Crossbows
 + Level 4.1 Throwing
 + Level 4.1 Armour
 + Level 6.2 Dodging
 + Level 5.9 Stealth
 + Level 4.1 Shields
 + Level 4.1 Unarmed Combat
 + Level 6.5 Spellcasting
 + Level 4.0 Conjurations
 + Level 3.3 Hexes
 + Level 3.3 Summonings
 + Level 3.3 Necromancy
 + Level 3.3 Translocations
 + Level 3.3 Transmutations
 + Level 3.3 Fire Magic
 + Level 3.3 Ice Magic
 + Level 6.5 Air Magic
 + Level 3.3 Earth Magic
 + Level 3.3 Poison Magic
 + Level 4.5 Invocations
 + Level 4.1 Evocations


You had 8 spell levels left.
You knew the following spells:

 Your Spells              Type           Power      Damage    Failure   Level
a - Shock                 Conj/Air       100%       1d9       1%          1
b - Static Discharge      Conj/Air       27%        N/A       1%          2
c - Swiftness             Air            32%        N/A       1%          3
d - Airstrike             Air            16%        N/A       7%          4
e - Poisonous Vapours     Pois/Air       52%        N/A       1%          2
f - Sting                 Tmut/Pois      80%        1d7       2%          1

Your spell library contained the following spells:

 Spells                   Type           Power      Damage    Failure   Level
 Corpse Rot               Necr/Air       52%        N/A       1%          2
 Olgreb's Toxic Radiance  Pois           20%        N/A       24%         4


Dungeon Overview and Level Annotations

Branches:
Dungeon (9/15)             Temple (1/1) D:6
   Lair: D:8-11         Orc: D:9-12

Altars:
Cheibriados
Dithmenos
Elyvilon
Fedhas
Kikubaaqudgha
Makhleb
Nemelex Xobeh
Okawaru
Qazlal
Ru
Sif Muna
Trog
Vehumet
Wu Jian
Xom
Yredelemnul
The Shining One

Shops:
D:3 *(!:   D:6 :

Annotations:
D:7 Dowan, Duvessa


Innate Abilities, Weirdness & Mutations

You have very sharp teeth.
Your uncanny sense of smell can sniff out nearby items.
Your experience applies equally to all skills.


Message History

You can't see any susceptible monsters within range! (Use Z to cast anyway.)
You see here a bullfrog corpse.
Things that are here:
a +3 dagger; a stone; a kobold corpse
Casting: Shock (safe; 1% risk of failure)
Confirm with . or Enter, or press ? or * to list all spells.
Aiming: Airstrike (dangerous; 7% risk of failure)
Press: ? - help, Dir - move target, f/p - two-headed ogre
Aim: a two-headed ogre, wielding two +0 giant spiked clubs (lightly wounded, empty space bonus: 7/8)
The air twists around and strikes the two-headed ogre!
The two-headed ogre is moderately wounded.
Casting: Airstrike (dangerous; 7% risk of failure)
Confirm with . or Enter, or press ? or * to list all spells.
Aiming: Airstrike (dangerous; 7% risk of failure)
Press: ? - help, Dir - move target, f/p - two-headed ogre
Aim: a two-headed ogre, wielding two +0 giant spiked clubs (moderately wounded, empty space bonus: 4/8)
The air twists around and strikes the two-headed ogre!
The two-headed ogre is heavily wounded.
Casting: Airstrike (dangerous; 7% risk of failure)
Confirm with . or Enter, or press ? or * to list all spells.
Aiming: Airstrike (dangerous; 7% risk of failure)
Press: ? - help, Dir - move target, f/p - two-headed ogre
Aim: a two-headed ogre, wielding two +0 giant spiked clubs (moderately wounded, empty space bonus: 2/8)
The air twists around and strikes the two-headed ogre!
The two-headed ogre is heavily wounded.
Casting: Airstrike (dangerous; 7% risk of failure)
Confirm with . or Enter, or press ? or * to list all spells.
Casting this spell will place you under penance.
Really cast?
Okay, then.
Casting: Airstrike (dangerous; 7% risk of failure)
Confirm with . or Enter, or press ? or * to list all spells.
Aiming: Sting (safe; 2% risk of failure)
Press: ? - help, Shift-Dir - straight line, f/p - two-headed ogre
Aim: a two-headed ogre, wielding two +0 giant spiked clubs (heavily wounded, 89% to hit)
The sting hits the two-headed ogre.
The two-headed ogre is poisoned.
The two-headed ogre is heavily wounded.
The two-headed ogre hits you with a +0 giant spiked club!! x2
* * * LOW HITPOINT WARNING * * *
The two-headed ogre hits you with a +0 giant spiked club!
You die...

P..#.<. #..........#
...#..#+##.#####'##############
...†.....#.# #..............#
P........#.# ##############.#
.........#.##### ## #.#
..)............. .# #.#
...........#### .## #.#
..........>######..# #.#
..)............O@..# #.#
#.._.)####..≈≈≈≈...# #.#
........)†))......#### #.#
.####.####...........# #.# .
#.# #...........# #.# .####.#
#...........# #.# #......
+...........# #.# #.....#
#...........# #)#
#.....####...........########.#


You could see a two-headed ogre (poisoned).

Vanquished Creatures
  An orc warrior (D:4)
  An ice beast (D:6)
  3 ogres
  4 necrophages
  6 scorpions
  2 bullfrogs (D:8)
  2 water moccasin skeletons
  A killer bee (D:8)
  2 howler monkeys (D:8)
  A bullfrog zombie (D:7)
  An orc priest (D:6)
  A centaur skeleton (D:5)
  2 jellies
  A hound (D:5)
  An iron imp (D:7)
  2 iguanas (D:5)
  3 orc wizards
  2 hound zombies (D:5)
  A howler monkey zombie (D:6)
  4 adders
  7 gnolls
  A shadow imp (D:6)
  An ufetubus (D:5)
  2 worms (D:3)
  4 dart slugs
  12 orcs
  14 endoplasms
  4 giant cockroaches
  14 goblins
  7 hobgoblins
  7 jackals
  4 quokkas
  5 ball pythons
  3 bats
  2 frilled lizards (D:1)
  A goblin zombie (D:7)
  7 hobgoblin zombies (D:7)
  15 kobolds
  A kobold zombie (D:7)
  An orc skeleton (D:7)
  An orc zombie (D:7)
  3 rats (D:1)
157 creatures vanquished.

Vanquished Creatures (others)
  A butterfly (D:4)
  54 fungi (D:8)
  53 plants (D:8)
108 creatures vanquished.

Grand Total: 265 creatures vanquished

Notes
Turn   | Place    | Note
-------+----------+-------------------------------------------
     0 | D:1      | 101zpm the Gnoll Air Elementalist began the quest for the
                  | Orb.
     0 | D:1      | Reached XP level 1. HP: 13/13 MP: 6/6
   131 | D:2      | Reached XP level 2. HP: 19/19 MP: 0/7
   644 | D:2      | Reached XP level 3. HP: 25/25 MP: 5/9
   713 | D:2      | Reached skill level 5 in Spellcasting
   910 | D:3      | Found a stormy altar of Qazlal.
   914 | D:3      | Found Uxeni's General Store.
   937 | D:3      | Reached skill level 1 in Invocations
  1149 | D:3      | Found Denolet's Book Boutique.
  1270 | D:3      | Found Lamogg's Distillery.
  1281 | D:3      | Reached skill level 1 in Fighting
  1281 | D:3      | Reached skill level 1 in Short Blades
  1281 | D:3      | Reached skill level 1 in Long Blades
  1281 | D:3      | Reached skill level 1 in Axes
  1281 | D:3      | Reached skill level 1 in Maces & Flails
  1281 | D:3      | Reached skill level 1 in Polearms
  1281 | D:3      | Reached skill level 1 in Staves
  1281 | D:3      | Reached skill level 1 in Slings
  1281 | D:3      | Reached skill level 1 in Bows
  1281 | D:3      | Reached skill level 1 in Crossbows
  1281 | D:3      | Reached skill level 1 in Throwing
  1281 | D:3      | Reached skill level 1 in Armour
  1281 | D:3      | Reached skill level 1 in Shields
  1281 | D:3      | Reached skill level 1 in Unarmed Combat
  1281 | D:3      | Reached skill level 1 in Evocations
  1284 | D:3      | Reached XP level 4. HP: 32/32 MP: 1/11
  1509 | D:3      | Found Godurche's Antique Weapon Shoppe.
  1975 | D:5      | Entered Level 5 of the Dungeon
  1975 | D:5      | Noticed a scorpion
  1978 | D:5      | Reached skill level 1 in Hexes
  1978 | D:5      | Reached skill level 1 in Summonings
  1978 | D:5      | Reached skill level 1 in Necromancy
  1978 | D:5      | Reached skill level 1 in Translocations
  1978 | D:5      | Reached skill level 1 in Transmutations
  1978 | D:5      | Reached skill level 1 in Fire Magic
  1978 | D:5      | Reached skill level 1 in Ice Magic
  1978 | D:5      | Reached skill level 1 in Earth Magic
  1978 | D:5      | Reached skill level 1 in Poison Magic
  2019 | D:4      | Noticed a necrophage
  2038 | D:4      | Killed a necrophage
  2039 | D:4      | Reached XP level 5. HP: 37/37 MP: 2/12
  2404 | D:4      | Found a white marble altar of Elyvilon.
  2446 | D:4      | Noticed an ogre
  2988 | D:1      | Found a faded altar of an unknown god.
  3319 | D:1      | Reached XP level 6. HP: 44/44 MP: 11/13
  3640 | D:4      | Noticed an orc warrior
  3693 | D:3      | Reached skill level 5 in Dodging
  4598 | D:3      | Learned a level 2 spell: Static Discharge
  4602 | D:3      | Learned a level 3 spell: Swiftness
  4607 | D:3      | Learned a level 4 spell: Airstrike
  4654 | D:4      | Killed an orc warrior
  4655 | D:4      | Reached XP level 7. HP: 51/51 MP: 11/15
  5026 | D:5      | Reached skill level 5 in Stealth
  5412 | D:5      | Reached XP level 8. HP: 54/57 MP: 16/16
  5493 | D:5      | Identified the +5 quarterstaff "Hasi" {venom, rPois Str+3}
  5832 | D:5      | Found an ancient bone altar of Kikubaaqudgha.
  5836 | D:5      | Found a blossoming altar of Fedhas.
  6058 | D:5      | Found a radiant altar of Vehumet.
  6466 | D:6      | Learned a level 2 spell: Poisonous Vapours
  6468 | D:6      | Learned a level 1 spell: Sting
  6726 | D:6      | Found a staircase to the Ecumenical Temple.
  7147 | D:6      | Found an iron altar of Okawaru.
  7628 | D:6      | Found Ixebb's Book Emporium.
  8030 | D:7      | Found a glowing golden altar of the Shining One.
  8042 | D:7      | Reached XP level 9. HP: 65/65 MP: 18/18
  8059 | D:7      | Noticed Duvessa
  8062 | D:7      | Noticed Dowan
  8198 | Temple   | Entered the Ecumenical Temple
  8428 | Temple   | Became a worshipper of Cheibriados the Contemplative
  9059 | D:8      | Noticed a two-headed ogre
  9070 | D:8      | Found a shimmering blue altar of Sif Muna.
  9209 | D:8      | Mangled by a two-headed ogre

Illustrated notes

Levels and vault maps discovered:
D:1:      erik_arrival_triangle_medium, layout_basic,
          chequers_ecumenical_altar_twisty, hangedman_glass_teeth, st_stairs_11,
          minmay_misc_feat_chi, minmay_pentomino_t4
D:2:      layout_rooms
D:3:      layout_loops_ring, nicolae_qazlal_scattered_showers, serial_shops,
          nicolae_shop_crystal, nicolae_shop_stone, nicolae_shop_waterfront,
          shop, minmay_unequal
D:4:      layout_gridville, nicolae_elyvilon_peaceful_grove
D:5:      layout_loops_ring, grunt_temple_overflow_growth_and_decay,
          lemuel_tele_altar, grunt_decor_fettered
D:6:      layout_cave_pods, okawaru_gym_becter,
          minmay_temple_entry_proselytizer, serial_shops, nicolae_shop_trees
D:7:      layout_cave_pods, nicolae_tso_besieged_by_evil, uniq_prince_ribbit1,
          uniq_duvessa
D:8:      layout_basic, mainiacjoe_overflow_boulevard,
          due_lair_maze_entry_diamond, enter_bailey_3, uniq_harold
D:9:      layout_cave_pools, pdpol_temple_overflow_zin_treasury_gozag_greed,
          nicolae_overflow_crystal_walls, uniq_joseph
Temple:   jpeg_temple_island

Skill      XL: |  1  2  3  4  5  6  7  8  9 |
---------------+----------------------------+-----
Conjurations   | 2 3 4 |  4.0
Spellcasting   | 5 6 |  6.5
Invocations    | 1 2 3 4 |  4.5
Fighting       | 1 2 3 4 |  4.1
Short Blades   | 1 2 3 4 |  4.1
Long Blades    | 1 2 3 4 |  4.1
Axes           | 1 2 3 4 |  4.1
Maces & Flails | 1 2 3 4 |  4.1
Polearms       | 1 2 3 4 |  4.1
Staves         | 1 2 3 4 |  4.1
Slings         | 1 2 3 4 |  4.1
Bows           | 1 2 3 4 |  4.1
Crossbows      | 1 2 3 4 |  4.1
Throwing       | 1 2 3 4 |  4.1
Armour         | 1 2 3 4 |  4.1
Shields        | 1 2 3 4 |  4.1
Unarmed Combat | 1 2 3 4 |  4.1
Evocations     | 1 2 3 4 |  4.1
Hexes          | 1 2 3 |  3.3
Summonings     | 1 2 3 |  3.3
Necromancy     | 1 2 3 |  3.3
Translocations | 1 2 3 |  3.3
Transmutations | 1 2 3 |  3.3
Fire Magic     | 1 2 3 |  3.3
Ice Magic      | 1 2 3 |  3.3
Earth Magic    | 1 2 3 |  3.3
Poison Magic   | 1 2 3 |  3.3
Dodging        | 5 6 |  6.2
Stealth        | 5 |  5.9
Air Magic      | 6 |  6.5

Action                   |  1- 3 |  4- 6 |  7- 9 || total
-------------------------+-------+-------+-------++-------
Melee: Unarmed           |       |     2 |     3 ||     5
       Bite              |       |     1 |     2 ||     3
       Punch             |       |     1 |       ||     1
       Quarterstaff      |       |       |     8 ||     8
 Cast: Shock             |    78 |   135 |   148 ||   361
       Airstrike         |       |     3 |    39 ||    42
       Static Discharge  |       |       |    13 ||    13
       Sting             |       |       |     1 ||     1
  Use: Scroll            |       |       |     3 ||     3
Armor: Robe              |       |     8 |    19 ||    27
Dodge: Dodged            |     1 |    23 |    72 ||    96
